 Dungeon Crawl Stone Soup version 0.18-a0-1577-gf591c28 (webtiles) character file.

200 HandofTrog the Chopper (level 5, -1/63 HPs)
             Began as a Demonspawn Berserker on Mar 20, 2016.
             Was a Priest of Trog.
             Slain by a gnoll
             ... wielding a +0 flail of holy wrath
              (2 damage)
             ... on level 3 of the Dungeon on Mar 22, 2016.
             The game lasted 00:08:36 (3229 turns).

HandofTrog the Chopper (Demonspawn Berserker)       Turns: 3229, Time: 00:08:36

Health: -1/63      AC: 22    Str: 19    XL:     5   Next: 48%
Magic:  0/5        EV:  2    Int:  8    God:    Trog [***...]
Gold:   120        SH:  0    Dex: 12    Spells: 0 memorised, 4 levels left

rFire  . . .     SeeInvis +     a - +0 hand axe
rCold  . . .     Gourm    .     (armour currently unavailable)
rNeg   + + +     Faith    .     (no shield)
rPois  +         Spirit   +     (helmet currently unavailable)
rElec  .         Dismiss  +     (cloak currently unavailable)
rCorr  +         Reflect  .     (gloves currently unavailable)
SustAt .         Harm     .     (boots currently unavailable)
MR     .....     NoTele   +     n - amulet of dismissal
Stlth  +.........               t - ring of resist corrosion
                                i - ring of see invisible

@: tree-form, not resistant to hostile enchantments, very unstealthy
A: (antennae 0), magic shield
a: Berserk, Trog's Hand, Burn Spellbooks, Renounce Religion


You were on level 3 of the Dungeon.
You worshipped Trog.
Trog was most pleased with you.
You were hungry.
You were a tree.
You visited 1 branch of the dungeon, and saw 3 of its levels.

You collected 120 gold pieces.

Inventory:

Hand Weapons
 a - a +0 hand axe (weapon)
Missiles
 l - 4 tomahawks of returning (quivered)
Armour
 b - a +0 animal skin
 k - a +0 scale mail (melded)
Jewellery
 i - a ring of see invisible (left branch)
 n - an amulet of dismissal (around neck)
 t - a ring of resist corrosion (right branch)
Scrolls
 d - a scroll of random uselessness {unknown}
 e - 4 scrolls of remove curse {unknown}
 g - a scroll of enchant armour {unknown}
 j - 2 scrolls of noise {unknown}
 p - a scroll of fear {unknown}
 r - a scroll of immolation {unknown}
Potions
 m - a potion of curing {unknown}
 o - a potion of berserk rage {unknown}
 q - a potion of ambrosia {unknown}
 s - a potion of flight {unknown}
Comestibles
 c - 3 bread rations
 f - 4 meat rations


   Skills:
 + Level 4.0 Fighting
 * Level 4.3 Axes
 + Level 2.9 Armour
 - Level 2.0 Dodging


You had 4 spell levels left.
You didn't know any spells.

Dungeon Overview and Level Annotations

Branches:
Dungeon (3/15)

Altars:
Pakellas
Qazlal
Vehumet


Innate Abilities, Weirdness & Mutations

((You have a pair of small antennae on your head.))
When hurt, damage is shared between your health and your magic reserves.


Message History

Unknown command.
You hit the gnoll but do no damage.
The gnoll is heavily wounded.
The gnoll hits you with a flail of holy wrath!
* * * LOW HITPOINT WARNING * * *
You convulse.
* * * LOW HITPOINT WARNING * * *
You are too injured to fight recklessly!
You hit the gnoll.
The gnoll is severely wounded.
The gnoll hits you with a flail of holy wrath.
* * * LOW HITPOINT WARNING * * *
You convulse.
* * * LOW HITPOINT WARNING * * *
Drink which item? (? for menu, Esc to quit)
It was a potion of lignification.
You turn into a tree.
Your +0 scale mail melds into your body.
Your roots penetrate the ground.
The gnoll hits you with a flail of holy wrath.
You die...

.## ##...#
s....#.......# #.#..
#........###.###.###
#..%......##.....# #
#...........##...##
#........##.##....##
#........#...#.<....
#.?g)....#†#........
#..♣.....#.###......
#..........# #....#.
#..........###...##.
#.......).........#.
#..........###......
#...................
#....#.###.###......
#.####.# #..##......
#. #.# #..##....#.


You could see a gnoll and a giant cockroach (wandering).

Vanquished Creatures
  A worker ant (D:3)
  5 gnolls
  6 adders
  2 oozes
  3 worms
  2 dart slugs
  3 giant geckos
  A giant cockroach (D:3)
  6 goblins
  4 hobgoblins
  6 jackals (D:1)
  7 kobolds
  4 bats (D:2)
  4 giant newts
  5 rats
59 creatures vanquished.

Notes
Turn   | Place    | Note
--------------------------------------------------------------
     0 | D:1      | HandofTrog the Demonspawn Berserker began the quest for the Orb.
     0 | D:1      | Reached XP level 1. HP: 18/18 MP: 1/1
   243 | D:1      | Gained mutation: When hurt, damage is shared between your health and your magic reserves. [demonic ancestry]
   243 | D:1      | Reached XP level 2. HP: 14/24 MP: 2/2
  1179 | D:1      | Reached XP level 3. HP: 25/29 MP: 1/3
  1399 | D:2      | Reached ** piety under Trog
  1512 | D:2      | Found a stormy altar of Qazlal.
  1610 | D:2      | Reached XP level 4. HP: 24/35 MP: 4/4
  1625 | D:2      | Found an oddly glowing altar of Pakellas.
  1731 | D:2      | Found a radiant altar of Vehumet.
  2728 | D:3      | Gained mutation: You have a pair of small antennae on your head. [demonic ancestry]
  2728 | D:3      | Reached XP level 5. HP: 27/42 MP: 5/5
  3224 | D:3      | Reached *** piety under Trog
  3228 | D:3      | HP: 1/42 [gnoll/flail of holy wrath (4)]
  3229 | D:3      | Slain by a gnoll

Vault maps used:
D:1:      mrwooster_arrival_arrow, item_on_display_a
D:2:      wad_lake_hut, grunt_pakellas_mercury, vehumet_crystals,
          lemuel_crystal_altar
D:3:      gammafunk_temple_overflow_statue, first_bread

Skill      XL: |  1  2  3  4  5 |
---------------+----------------+-----
Axes           | 3 4 |  4.3
Dodging        | 2 |  2.0
Armour         | 2 |  2.9
Fighting       | 4 |  4.0

Action                   |  1- 3 |  4- 6 || total
-------------------------+-------+-------++-------
Melee: Hand axe          |   100 |   120 ||   220
  Use: Potion            |       |     1 ||     1
  Eat: Chunk             |     2 |     5 ||     7
